[Event "EYCC O18-ch 2024"]
[Site "Prague"]
[Date "2024.08.24"]
[Round "3.11"]
[White "Rozen, Eytan"]
[Black "Shamatava, Nikolozi"]
[Result "1-0"]
[ECO "E47"]
[WhiteElo "2478"]
[BlackElo "2196"]
[Annotator "TA"]
[PlyCount "73"]
[EventDate "2024.08.19"]
[EventType "swiss"]
[EventCountry "CZE"]
[SourceTitle "playchess.com"]
[Source "ChessBase"]
[SourceQuality "1"]
[TimeControl "5400+30"]

1. d4 Nf6 2. c4 e6 3. Nc3 Bb4 4. e3 O-O 5. Bd3 c5 6. Nge2 d5 7. cxd5 exd5 8. O-O Nc6 9. a3 cxd4 10. exd4 Bd6 11. h3 h6 {[%emt 0:01:41] Dodges Bg5} 12. Bc2 Ne7 13. Ng3 Re8 {[%emt 0:00:56] The position is equal.} 14. Qf3 {[%emt 0:04:14][%cal Oc1h6] And now Bxh6! would win.} Ng6 15. Rd1 ({White should play} 15. Nh5 $14) 15... Nh4 $11 16. Qd3 Be6 (16... Bxg3 {simplifies} 17. fxg3 Bf5 18. Qd2 Bxc2 19. Qxc2 Ng6) 17. Bd2 a6 18. Na4 Rc8 (18... Ne4 {keeps more tension.} 19. Nc5 Qf6 20. Ncxe4 dxe4 21. Nxe4 Qg6) 19. Nc5 $1 Bxc5 (19... Ne4 {seems wilder.} 20. Re1 Bxc5 21. dxc5 Rxc5 22. Bb4 Rc8) 20. dxc5 Rxc5 21. Bc3 (21. Be3 $11 Rc4 22. Bb3) 21... Ng6 (21... Bxh3 $1 $17 22. Re1 (22. gxh3 $2 {is the wrong capture.} d4 $19) 22... Rxe1+ (22... Bxg2 23. Bxf6 Rxe1+ 24. Rxe1 $16) 23. Rxe1 Rxc3 (23... Nxg2 $2 24. Bxf6 Rxc2 25. Bxd8 $18) 24. Qxc3 Nxg2 (24... Bxg2 25. Nf5 $11)) 22. Qf3 Nh4 (22... Qc7 {simplifies} 23. Bxg6 fxg6 24. Re1 Qf7) 23. Qf4 Rc4 24. Rd4 Ng6 25. Qd2 Ne7 26. Rd1 Nc6 27. Rxc4 dxc4 28. Qf4 Nd5 {[%emt 0:04:44] [#]} (28... Qe7 $1 $14) 29. Qe4 $1 $18 ({Don't play} 29. Qxc4 $6 Qg5 $16) 29... g6 30. Qf3 $40 {[%emt 0:07:36][%mdl 128] White attacks with force.} f5 {[%emt 0:05:12][%mdl 8192] [#] Prevents Be4. This costs Black the game.} (30... Re7 $16) 31. Nxf5 $1 gxf5 32. Bxf5 {[%emt 0:01:38][%cal Of5h7] Intending Bh7+! and mate.} Bf7 {[%emt 0:01:12] [#]} 33. Bh7+ $1 {[%emt 0:03:56][%mdl 512] A strong pair of Bishops.} Kf8 {[%emt 0:00:06] [#] Strongly threatening ...Qg5.} 34. Bg6 $1 Qd7 {[%emt 0:01:28] White must now prevent ...Ne5.} 35. Bxf7 Qxf7 36. Qxd5 Rd8 {[%emt 0:00:54] Wards off Qd6+} 37. Qc5+ {[%emt 0:01:01] Weighted Error Value: White=0.27 (precise) /Black=0.40.  Loses game:     	---       	Black=1      Mistake:       	White=2     	Black=2      Inaccurate:     	White=2     	Black=5      OK:         	White=9     	Black=5      Best:        	---       	Black=2      Strong:       	White=3     	---} 1-0

[Event "EYCC O18-ch 2024"]
[Site "Prague"]
[Date "2024.08.24"]
[Round "3.11"]
[White "Kovalskyi, Roman"]
[Black "Eilenberg, Jonas"]
[Result "0-1"]
[ECO "C07"]
[WhiteElo "2108"]
[BlackElo "2285"]
[Annotator "RC"]
[PlyCount "102"]
[EventDate "2024.08.19"]
[EventType "swiss"]
[EventCountry "CZE"]
[SourceTitle "playchess.com"]
[Source "ChessBase"]
[SourceQuality "1"]
[TimeControl "5400+30"]

1. e4 e6 2. d4 d5 3. Nd2 c5 4. Ngf3 cxd4 5. Nxd4 Nc6 6. Bb5 Bd7 7. Nxc6 bxc6 8. Bd3 Bd6 9. Qe2 Qc7 10. Nf3 Ne7 11. e5 Bc5 12. c4 h6 13. O-O g5 14. Be3 Bxe3 15. Qxe3 c5 16. cxd5 Nxd5 17. Qe4 Bc6 18. Rfc1 Qb6 19. Qc4 Nf4 20. Qxc5 Qxc5 21. Rxc5 Bxf3 22. Bb5+ Kf8 23. gxf3 Kg7 24. Rc7 Rhd8 25. Bd7 a5 26. Rd1 Rab8 27. b3 Rb5 28. Bxb5 Rxd1+ 29. Bf1 Ne2+ 30. Kg2 Nf4+ 31. Kg1 Ra1 32. a4 h5 33. Rc2 h4 34. h3 Kg6 35. Rc5 Ne2+ 36. Kg2 Nf4+ 37. Kg1 Nxh3+ 38. Kh2 Nf4 39. Bh3 Ra2 40. Bg4 Rxf2+ 41. Kg1 Rb2 42. Rxa5 h3 43. Ra8 h2+ 44. Kh1 Kg7 45. a5 Rf2 46. Bh3 Nxh3 47. a6 Nf4 48. a7 Nh5 49. Rg8+ Kxg8 50. a8=Q+ Kg7 51. f4 Ng3# 0-1

[Event "EYCC O18-ch 2024"]
[Site "Prague"]
[Date "2024.08.24"]
[Round "3.12"]
[White "Paseka, Matyas"]
[Black "Levin, Guy"]
[Result "0-1"]
[ECO "B90"]
[WhiteElo "2281"]
[BlackElo "2436"]
[Annotator "RC"]
[PlyCount "82"]
[EventDate "2024.08.19"]
[EventType "swiss"]
[EventCountry "CZE"]
[SourceTitle "playchess.com"]
[Source "ChessBase"]
[SourceQuality "1"]
[TimeControl "5400+30"]

1. e4 c5 2. Nf3 d6 3. d4 cxd4 4. Nxd4 Nf6 5. Nc3 a6 6. Be3 e5 7. Nb3 Be7 8. f3 Be6 9. Qd2 O-O 10. O-O-O Nbd7 11. g4 b5 12. g5 Nh5 13. Nd5 Bxd5 14. exd5 f6 15. gxf6 Bxf6 16. Na5 Qe8 17. Bd3 Bd8 18. Nb7 Qe7 19. Nxd8 Qxd8 20. Qb4 Qe7 21. Qg4 Nf4 22. Bxf4 Rxf4 23. Qe6+ Rf7 24. Qh3 g6 25. Rhg1 Qf6 26. Be4 Nc5 27. Rde1 a5 28. Kb1 b4 29. Qg4 Kh8 30. h4 Qf4 31. Qh3 a4 32. h5 g5 33. h6 a3 34. Qg2 Rg8 35. b3 Rf6 36. Qe2 Rxh6 37. Rh1 Nxe4 38. fxe4 Rxh1 39. Rxh1 g4 40. Qc4 g3 41. Qc7 Qxe4 0-1

[Event "EYCC O18-ch 2024"]
[Site "Prague"]
[Date "2024.08.24"]
[Round "3.12"]
[White "Almeida, Joao Pedro Dias"]
[Black "Hercegovac, Neven"]
[Result "0-1"]
[ECO "B31"]
[WhiteElo "2086"]
[BlackElo "2278"]
[Annotator "RC"]
[PlyCount "68"]
[EventDate "2024.08.19"]
[EventType "swiss"]
[EventCountry "CZE"]
[SourceTitle "playchess.com"]
[Source "ChessBase"]
[SourceQuality "1"]
[TimeControl "5400+30"]

1. e4 c5 2. Nf3 Nc6 3. Bb5 g6 4. Bxc6 bxc6 5. d4 cxd4 6. Qxd4 f6 7. O-O d6 8. c4 c5 9. Qd3 Bg7 10. Nc3 Nh6 11. Nh4 Rb8 12. Re1 O-O 13. f4 f5 14. e5 dxe5 15. Qxd8 Rxd8 16. fxe5 Rd4 17. Nf3 Rxc4 18. Rd1 Bb7 19. Rd7 Ng4 20. Nd2 Nxe5 21. Rxe7 Rg4 22. g3 Bf6 23. Rc7 Bd8 24. Rxb7 Rxb7 25. Nb3 c4 26. Nc5 Bb6 27. Be3 Bxc5 28. Bxc5 Rxb2 29. Bf2 Nd3 30. Bxa7 Rb7 31. Be3 f4 32. Nd5 fxe3 33. Nf6+ Kg7 34. Nxg4 e2 0-1

[Event "EYCC O18-ch 2024"]
[Site "Prague"]
[Date "2024.08.24"]
[Round "3.13"]
[White "Borrmann, Laurenz"]
[Black "Smolik, Jachym"]
[Result "1/2-1/2"]
[ECO "C54"]
[WhiteElo "2427"]
[BlackElo "2290"]
[Annotator "RC"]
[PlyCount "109"]
[EventDate "2024.08.19"]
[EventType "swiss"]
[EventCountry "CZE"]
[SourceTitle "playchess.com"]
[Source "ChessBase"]
[SourceQuality "1"]
[TimeControl "5400+30"]

1. e4 e5 2. Nf3 Nc6 3. Bc4 Bc5 4. c3 Nf6 5. d3 d6 6. O-O O-O 7. b4 Bb6 8. a4 a5 9. b5 Ne7 10. Nbd2 Ng6 11. d4 Bg4 12. Qc2 exd4 13. cxd4 d5 14. exd5 Nxd5 15. Ba3 Re8 16. Rfe1 Qd7 17. h3 Be6 18. Rad1 Ndf4 19. Bxe6 Rxe6 20. Nc4 Rae8 21. Rxe6 Rxe6 22. d5 Re2 23. Nxb6 cxb6 24. Qc4 h6 25. d6 Re8 26. Qc7 Qxc7 27. dxc7 Ne6 28. Rd6 Rc8 29. Rxb6 Rxc7 30. Bd6 Rd7 31. g3 f6 32. Nd2 Ne7 33. Bxe7 Rxe7 34. Nb3 Kf7 35. f4 Rc7 36. Nxa5 Nc5 37. Kf2 Ke7 38. f5 Nxa4 39. Rxb7 Rxb7 40. Nxb7 Nc3 41. Nc5 Nxb5 42. Ne6 g6 43. Kf3 Nd6 44. Nf4 gxf5 45. Ng6+ Kf7 46. Nh4 Ke7 47. Kf4 Ke6 48. Ng2 Ne8 49. Ne3 Ng7 50. g4 fxg4 51. hxg4 h5 52. gxh5 Nxh5+ 53. Ke4 f5+ 54. Nxf5 Ng3+ 55. Nxg3 1/2-1/2

[Event "EYCC O18-ch 2024"]
[Site "Prague"]
[Date "2024.08.24"]
[Round "3.14"]
[White "Sahakyan, Aleks"]
[Black "Pyrih, Roman"]
[Result "1-0"]
[ECO "D52"]
[WhiteElo "2287"]
[BlackElo "2422"]
[Annotator "RC"]
[PlyCount "127"]
[EventDate "2024.08.19"]
[EventType "swiss"]
[EventCountry "CZE"]
[SourceTitle "playchess.com"]
[Source "ChessBase"]
[SourceQuality "1"]
[TimeControl "5400+30"]

1. d4 d5 2. c4 e6 3. Nf3 Nf6 4. Nc3 c6 5. Bg5 Nbd7 6. e3 h6 7. Bh4 Be7 8. Rc1 O-O 9. a3 b6 10. cxd5 cxd5 11. Bg3 a6 12. Na2 Ne4 13. Bc7 Qe8 14. Nd2 Bb7 15. Nxe4 dxe4 16. Be2 Rc8 17. O-O b5 18. a4 bxa4 19. Qxa4 Nf6 20. Qxe8 Rfxe8 21. Ba5 Bd5 22. Nc3 Rb8 23. Na4 Rb7 24. Ra1 Reb8 25. Rfc1 Bd6 26. Bc3 Nd7 27. Bxa6 Ra7 28. Be2 Bb3 29. Bd1 Bxd1 30. Rxd1 Rba8 31. b3 Rb8 32. Nc5 Rxa1 33. Rxa1 Bxc5 34. dxc5 Nxc5 35. b4 Nd3 36. Rb1 Rb5 37. f3 f5 38. Kf1 exf3 39. gxf3 e5 40. Ke2 e4 41. h4 Kf7 42. Rg1 g6 43. fxe4 fxe4 44. Rf1+ Rf5 45. Rxf5+ gxf5 46. b5 f4 47. exf4 Nxf4+ 48. Ke3 Nd5+ 49. Kd4 Ke6 50. Bd2 e3 51. Bxe3 Ne7 52. Ke4 h5 53. Bf4 Nd5 54. Be5 Nb6 55. Bd4 Nc4 56. Kf4 Kd5 57. b6 Kc6 58. Kg5 Nd2 59. Kxh5 Nf3 60. Bf2 Kb7 61. Kg4 Ne5+ 62. Kf5 Nc4 63. h5 Nd6+ 64. Kg6 1-0

[Event "EYCC O18-ch 2024"]
[Site "Prague"]
[Date "2024.08.24"]
[Round "3.14"]
[White "Anacak, Hasan Gunes"]
[Black "Seidl, Jan"]
[Result "0-1"]
[ECO "B23"]
[WhiteElo "2071"]
[BlackElo "2276"]
[Annotator "RC"]
[PlyCount "106"]
[EventDate "2024.08.19"]
[EventType "swiss"]
[EventCountry "CZE"]
[SourceTitle "playchess.com"]
[Source "ChessBase"]
[SourceQuality "1"]
[TimeControl "5400+30"]

1. e4 c5 2. Nc3 d6 3. d4 cxd4 4. Qxd4 Nc6 5. Qd2 g6 6. b3 Bh6 7. f4 e5 8. Nb5 Bxf4 9. Qxd6 Qxd6 10. Nxd6+ Kf8 11. Ba3 Nge7 12. c3 Kg7 13. Bc4 f5 14. Ne2 Be3 15. exf5 Nxf5 16. Rf1 Nxd6 17. Bxd6 Bf5 18. Ng3 Rad8 19. Rd1 Bg4 20. Rf7+ Kh6 21. Rd3 Bf4 22. h3 Rxd6 23. Rxd6 Bxg3+ 24. Kf1 Bc8 25. Rdf6 Bh4 26. Rf3 Rd8 27. Rf8 Be7 28. Rxd8 Nxd8 29. Bd5 Kg7 30. b4 Be6 31. Bxe6 Nxe6 32. Rd3 Kf6 33. a3 Nd8 34. c4 Ke6 35. h4 Nc6 36. h5 g5 37. Kf2 Nd4 38. g4 Nc6 39. Ke3 Nd8 40. Ke4 Nf7 41. c5 Nh6 42. Rg3 Ng8 43. Rc3 Nf6+ 44. Kf3 e4+ 45. Kg3 Kd5 46. Rc1 Kd4 47. c6 bxc6 48. Rxc6 Kd3 49. Re6 Nd5 50. Kf2 Bf6 51. Rd6 Bd4+ 52. Ke1 Nf4 53. Rd7 e3 0-1

[Event "EYCC O18-ch 2024"]
[Site "Prague"]
[Date "2024.08.24"]
[Round "3.15"]
[White "Piliposyan, Robert"]
[Black "Bokhnak, Timofey"]
[Result "1-0"]
[ECO "D37"]
[WhiteElo "2376"]
[BlackElo "2273"]
[Annotator "RC"]
[PlyCount "83"]
[EventDate "2024.08.19"]
[EventType "swiss"]
[EventCountry "CZE"]
[SourceTitle "playchess.com"]
[Source "ChessBase"]
[SourceQuality "1"]
[TimeControl "5400+30"]

1. d4 Nf6 2. c4 e6 3. Nf3 d5 4. Nc3 Be7 5. Bf4 O-O 6. e3 Nbd7 7. Be2 dxc4 8. O-O a6 9. a4 c5 10. d5 exd5 11. Nxd5 Nxd5 12. Qxd5 Nb8 13. Bxc4 Nc6 14. Qh5 Be6 15. Bxe6 fxe6 16. Rfd1 Qe8 17. Qg4 Rf6 18. Bg3 Rd8 19. Qc4 Na5 20. Qc2 Rf5 21. Bc7 Rxd1+ 22. Rxd1 Nc6 23. Qb3 Qc8 24. Bg3 Nb4 25. Ne5 Bf6 26. Nd7 Rd5 27. Nxf6+ gxf6 28. e4 Rxd1+ 29. Qxd1 e5 30. Bh4 Qe6 31. Qd8+ Kf7 32. Qc7+ Qe7 33. Qc8 Nd3 34. Qf5 Kg7 35. Bxf6+ Qxf6 36. Qd7+ Qf7 37. Qxd3 Qa2 38. Qd7+ Kg6 39. Qf5+ Kg7 40. Qxe5+ Kf7 41. Qc7+ Kg6 42. Qb6+ 1-0

[Event "EYCC O18-ch 2024"]
[Site "Prague"]
[Date "2024.08.24"]
[Round "3.15"]
[White "Fishchuk, Vladyslav"]
[Black "Rak, Martin"]
[Result "1-0"]
[ECO "E10"]
[WhiteElo "2264"]
[BlackElo "2104"]
[Annotator "RC"]
[PlyCount "67"]
[EventDate "2024.08.19"]
[EventType "swiss"]
[EventCountry "CZE"]
[SourceTitle "playchess.com"]
[Source "ChessBase"]
[SourceQuality "1"]
[TimeControl "5400+30"]

1. d4 Nf6 2. c4 e6 3. Nf3 d5 4. g3 Bb4+ 5. Bd2 Be7 6. Bg2 O-O 7. O-O Nbd7 8. Bc3 c6 9. Nbd2 b6 10. b4 dxc4 11. Nxc4 Nd5 12. Qb3 Nxc3 13. Qxc3 Bb7 14. Nfe5 Rc8 15. Rac1 f6 16. Nd3 Re8 17. Rfd1 Nf8 18. Qb3 Kh8 19. e3 Ba8 20. h4 Bd6 21. Rd2 Bb8 22. Rdc2 e5 23. dxe5 fxe5 24. Nd2 Bd6 25. Bxc6 Rxc6 26. Rxc6 Qe7 27. Ne4 Bb8 28. b5 Qd7 29. Nb4 Qg4 30. Qf7 Rd8 31. Nf6 Rd1+ 32. Rxd1 Qxd1+ 33. Kh2 Bxc6 34. Qxf8# 1-0

[Event "EYCC O18-ch 2024"]
[Site "Prague"]
[Date "2024.08.24"]
[Round "3.16"]
[White "Karolczuk, Iwo"]
[Black "Valiyev, Shahin"]
[Result "1/2-1/2"]
[ECO "D02"]
[WhiteElo "2356"]
[BlackElo "2245"]
[Annotator "RC"]
[PlyCount "65"]
[EventDate "2024.08.19"]
[EventType "swiss"]
[EventCountry "CZE"]
[SourceTitle "playchess.com"]
[Source "ChessBase"]
[SourceQuality "1"]
[TimeControl "5400+30"]

1. d4 d5 2. Nf3 Nf6 3. c4 e6 4. g3 Bb4+ 5. Nbd2 dxc4 6. a3 Bxd2+ 7. Bxd2 b5 8. a4 c6 9. Bg2 Bb7 10. O-O O-O 11. Qc2 a6 12. Rfd1 Nbd7 13. Ne5 Qc7 14. Nxd7 Qxd7 15. e4 h6 16. Bb4 Rfe8 17. a5 Qc7 18. e5 c5 19. Bxb7 Qxb7 20. exf6 cxb4 21. Qd2 c3 22. bxc3 bxc3 23. Qxc3 gxf6 24. d5 exd5 25. Qxf6 Re6 26. Qf5 Rd8 27. Rd4 Qc6 28. Rad1 Rf6 29. Qd3 Qc5 30. h4 Re8 31. Qd2 Rd8 32. Rg4+ Kf8 33. Rd4 1/2-1/2

[Event "EYCC O18-ch 2024"]
[Site "Prague"]
[Date "2024.08.24"]
[Round "3.16"]
[White "Sachilaru, Alexandru"]
[Black "Maldonado Mena, German"]
[Result "1/2-1/2"]
[ECO "B59"]
[WhiteElo "2255"]
[BlackElo "2073"]
[Annotator "RC"]
[PlyCount "90"]
[EventDate "2024.08.19"]
[EventType "swiss"]
[EventCountry "CZE"]
[SourceTitle "playchess.com"]
[Source "ChessBase"]
[SourceQuality "1"]
[TimeControl "5400+30"]

1. e4 c5 2. Nf3 d6 3. d4 cxd4 4. Nxd4 Nf6 5. Nc3 Nc6 6. Be2 e5 7. Nb3 Be7 8. O-O O-O 9. Be3 a5 10. a4 Be6 11. Bf3 Nb4 12. Qd2 d5 13. exd5 Nbxd5 14. Bc5 Bxc5 15. Nxc5 Nxc3 16. Qxc3 Qc7 17. Nxe6 Qxc3 18. bxc3 fxe6 19. Bxb7 Ra7 20. Rab1 Rb8 21. Bd5 Re8 22. Rb7 Rxb7 23. Bxb7 Rb8 24. Ba6 Rb2 25. Re1 e4 26. Rc1 Nd5 27. c4 Nb4 28. Bb5 Na2 29. Re1 Rxc2 30. Kf1 Nc3 31. Bc6 Kf7 32. Bxe4 Nxe4 33. Rxe4 Ra2 34. c5 Rc2 35. Re5 Kf6 36. Rh5 h6 37. c6 e5 38. Rh4 Rxc6 39. Re4 Kf5 40. f3 Rc2 41. h4 h5 42. Kg1 Rb2 43. Kf1 Rc2 44. Kg1 Rd2 45. Kf1 Rd4 1/2-1/2

[Event "EYCC O18-ch 2024"]
[Site "Prague"]
[Date "2024.08.24"]
[Round "3.17"]
[White "Baranciuc, Alexandr"]
[Black "Hak, David"]
[Result "0-1"]
[ECO "B31"]
[WhiteElo "2332"]
[BlackElo "2239"]
[Annotator "ChessBase"]
[PlyCount "112"]
[EventDate "2024.08.19"]
[EventType "swiss"]
[EventCountry "CZE"]
[SourceTitle "playchess.com"]
[Source "ChessBase"]
[SourceQuality "1"]
[TimeControl "5400+30"]

1. e4 c5 2. Nf3 Nc6 3. Bb5 g6 4. c3 Nf6 5. Qe2 Bg7 6. O-O e5 7. d4 cxd4 8. cxd4 exd4 9. e5 Nd5 10. Bc4 Nb6 11. Bg5 Qc7 12. Na3 O-O 13. Nb5 Qb8 14. Rae1 Nxc4 15. Qxc4 b6 16. Nbxd4 Nxd4 17. Nxd4 Bxe5 18. f4 Ba6 19. Qd5 Bg7 20. Nb5 Qb7 21. Qxb7 Bxb7 22. Be7 Rfc8 23. Nd6 Ba6 24. Nxc8 Bd4+ 25. Rf2 Rxc8 26. Rd1 Rc2 27. Bh4 Be2 28. Rb1 h6 29. g4 Bxg4 30. Kf1 Bxf2 31. Bxf2 Bh3+ 32. Kg1 Bf5 33. Re1 Rxb2 34. Re8+ Kh7 35. Bd4 Rb1+ 36. Kf2 g5 37. fxg5 hxg5 38. Rh8+ Kg6 39. Rg8+ Kh6 40. Rh8+ Bh7 41. Ra8 Rb4 42. Ke3 Ra4 43. Bf6 Re4+ 44. Kd2 Rf4 45. Bd8 Rf2+ 46. Ke3 Rxa2 47. Bxb6 Ra3+ 48. Kf2 Ra2+ 49. Ke3 Rxh2 50. Rxa7 Rh3+ 51. Kd4 Rd3+ 52. Ke5 Kg6 53. Bd4 d6+ 54. Kd5 f5 55. Rg7+ Kh6 56. Rd7 Bg8+ 0-1

[Event "EYCC O18-ch 2024"]
[Site "Prague"]
[Date "2024.08.24"]
[Round "3.18"]
[White "Zajakins, Artjoms"]
[Black "Falkevall, Axel"]
[Result "1/2-1/2"]
[ECO "E97"]
[WhiteElo "1981"]
[BlackElo "2325"]
[Annotator "RC"]
[PlyCount "120"]
[EventDate "2024.08.19"]
[EventType "swiss"]
[EventCountry "CZE"]
[SourceTitle "playchess.com"]
[Source "ChessBase"]
[SourceQuality "1"]
[TimeControl "5400+30"]

1. d4 Nf6 2. c4 g6 3. Nc3 Bg7 4. e4 d6 5. Nf3 O-O 6. Be2 e5 7. O-O Nc6 8. dxe5 dxe5 9. Bg5 Qxd1 10. Rfxd1 Bg4 11. Rac1 Bxf3 12. Bxf3 Nd4 13. Nb5 Ne6 14. Bxf6 Bxf6 15. Rd7 c6 16. Nc3 Nc5 17. Rdd1 a5 18. g3 Rfd8 19. Rxd8+ Bxd8 20. Rd1 Bb6 21. Kg2 Kf8 22. b3 Ke7 23. Bg4 Rd8 24. Rxd8 Kxd8 25. Na4 Nxa4 26. bxa4 Kc7 27. f4 Bd4 28. Kf3 Kd6 29. Bc8 b6 30. Bb7 Kc5 31. Ba8 f6 32. Bb7 Bb2 33. Ba8 Bd4 34. Bb7 Kxc4 35. Bxc6 Kb4 36. Bb5 Ka3 37. Be8 Kxa2 38. Bb5 Kb3 39. Be8 Kc3 40. Bb5 Kd2 41. Ba6 Kc3 42. Bb5 Kb4 43. Be8 Kc5 44. Bb5 Kd6 45. Bc4 Ke7 46. Bb5 h5 47. h3 exf4 48. gxf4 g5 49. fxg5 fxg5 50. Bc4 Kf6 51. Bb5 Be5 52. Bc6 g4+ 53. hxg4 h4 54. Kg2 Kg5 55. Kh3 Bf6 56. Bb5 Kf4 57. Bc6 Bd8 58. Bb5 Kxe4 59. Bc6+ Kd4 60. Bb5 Kc3 1/2-1/2

[Event "EYCC O18-ch 2024"]
[Site "Prague"]
[Date "2024.08.25"]
[Round "4.1"]
[White "Bermudez Ureba, Juan Diego"]
[Black "Ribera Veganzones, Serni"]
[Result "1-0"]
[ECO "B90"]
[WhiteElo "2183"]
[BlackElo "2309"]
[Annotator "ChessBase"]
[PlyCount "75"]
[EventDate "2024.08.19"]
[EventType "swiss"]
[EventCountry "CZE"]
[SourceTitle "playchess.com"]
[Source "ChessBase"]
[SourceQuality "1"]
[TimeControl "5400+30"]

1. e4 c5 2. Nf3 d6 3. d4 cxd4 4. Nxd4 Nf6 5. Nc3 a6 6. Bd3 g6 7. f3 Qb6 8. Nb3 Bg7 9. Qe2 Qc7 10. Be3 b5 11. a3 Nbd7 12. g4 Nb6 13. O-O-O Be6 14. Bd4 Bxb3 15. cxb3 O-O 16. h4 e5 17. Be3 b4 18. axb4 d5 19. Bxb6 Qxb6 20. g5 d4 21. gxf6 Bh6+ 22. Kc2 dxc3 23. h5 Bf4 24. hxg6 hxg6 25. bxc3 a5 26. b5 a4 27. Bc4 axb3+ 28. Bxb3 Qxf6 29. Rd7 Rac8 30. Rhd1 Kg7 31. R1d6 Qg5 32. Rc6 Qg1 33. Rd1 Qa7 34. Qc4 Qf2+ 35. Kb1 Rxc6 36. bxc6 Qxf3 37. c7 Bg5 38. Rf1 1-0

[Event "EYCC O18-ch 2024"]
[Site "Prague"]
[Date "2024.08.25"]
[Round "4.2"]
[White "Dehtiarov, Roman"]
[Black "Gonzalez Castillo, Jose Javier"]
[Result "1-0"]
[ECO "B15"]
[WhiteElo "2308"]
[BlackElo "2196"]
[Annotator "ChessBase"]
[PlyCount "85"]
[EventDate "2024.08.19"]
[EventType "swiss"]
[EventCountry "CZE"]
[SourceTitle "playchess.com"]
[Source "ChessBase"]
[SourceQuality "1"]
[TimeControl "5400+30"]

1. e4 c6 2. d4 d5 3. Nc3 dxe4 4. Nxe4 Nf6 5. Nxf6+ exf6 6. Bd3 Bd6 7. Qh5 Na6 8. c3 Nc7 9. Ne2 Be6 10. Nf4 g6 11. Nxe6 Nxe6 12. Qh6 Qc7 13. O-O Bf4 14. Qh4 Bg5 15. Bxg5 fxg5 16. Qg4 Kf8 17. Bc4 h5 18. Qg3 Re8 19. Rae1 h4 20. Qh3 Ng7 21. Qg4 Qf4 22. Qd7 h3 23. Rxe8+ Nxe8 24. Re1 Nd6 25. g3 Qf6 26. Bf1 Kg7 27. Bxh3 Rd8 28. Qe7 Re8 29. Qxf6+ Kxf6 30. Rxe8 Nxe8 31. Kf1 Ke7 32. Ke2 Kd6 33. Kd3 f5 34. Bg2 Nf6 35. h3 b5 36. Bf3 a6 37. b3 Ng8 38. c4 Ne7 39. a4 bxa4 40. bxa4 a5 41. c5+ Kd7 42. Kc4 Ke6 43. Bxc6 1-0

[Event "EYCC O18-ch 2024"]
[Site "Prague"]
[Date "2024.08.25"]
[Round "4.3"]
[White "Koutlas, Nikolaos"]
[Black "Stalmach, Richard"]
[Result "1/2-1/2"]
[ECO "B52"]
[WhiteElo "2322"]
[BlackElo "2443"]
[Annotator "RC"]
[PlyCount "89"]
[EventDate "2024.08.19"]
[EventType "swiss"]
[EventCountry "CZE"]
[SourceTitle "playchess.com"]
[Source "ChessBase"]
[SourceQuality "1"]
[TimeControl "5400+30"]

1. e4 c5 2. Nf3 d6 3. Bb5+ Bd7 4. Bxd7+ Nxd7 5. O-O Ngf6 6. Re1 g6 7. c3 Bg7 8. d4 O-O 9. h3 Rc8 10. d5 b5 11. a4 b4 12. c4 Ne8 13. Ra2 h6 14. Bf4 e5 15. dxe6 fxe6 16. Bxd6 Nxd6 17. Qxd6 Rxf3 18. gxf3 Ne5 19. Qxd8+ Rxd8 20. Kf1 Rd3 21. Re3 Rd1+ 22. Re1 Rxe1+ 23. Kxe1 Nd3+ 24. Kd1 Nxb2+ 25. Rxb2 Bxb2 26. Nd2 Bd4 27. Ke2 g5 28. Nb3 Kf7 29. Na5 Kf6 30. Nb3 Ke5 31. Nc1 Bxf2 32. Nd3+ Kd4 33. Nxf2 Kxc4 34. Nd3 Kc3 35. Nxc5 b3 36. e5 a5 37. Kd1 Kb4 38. Nd3+ Kxa4 39. Kd2 Kb5 40. Kc3 a4 41. f4 gxf4 42. Nxf4 Kc5 43. h4 Kc6 44. h5 Kc5 45. Nxe6+ 1/2-1/2

[Event "EYCC O18-ch 2024"]
[Site "Prague"]
[Date "2024.08.25"]
[Round "4.3"]
[White "Zlatkov, Anton"]
[Black "Kocsmar, Akos"]
[Result "1-0"]
[ECO "A05"]
[WhiteElo "2297"]
[BlackElo "2187"]
[Annotator "ChessBase"]
[PlyCount "71"]
[EventDate "2024.08.19"]
[EventType "swiss"]
[EventCountry "CZE"]
[SourceTitle "playchess.com"]
[Source "ChessBase"]
[SourceQuality "1"]
[TimeControl "5400+30"]

1. Nf3 Nf6 2. g3 b6 3. Bg2 Bb7 4. O-O e6 5. c4 Be7 6. Nc3 O-O 7. Re1 d5 8. cxd5 Nxd5 9. d4 c5 10. e4 Nxc3 11. bxc3 Re8 12. Bf4 cxd4 13. cxd4 Nd7 14. Qa4 a6 15. Rad1 b5 16. Qb3 Qb6 17. h4 h6 18. g4 Nf8 19. Ne5 Rad8 20. g5 hxg5 21. hxg5 Rxd4 22. Qf3 Rxd1 23. Rxd1 Rd8 24. Rc1 Rc8 25. Rxc8 Bxc8 26. Be3 Qc7 27. Qxf7+ Kh8 28. Qh5+ Kg8 29. Qf7+ Kh8 30. Bf4 Qd8 31. Qh5+ Kg8 32. Qf7+ Kh8 33. Bf3 Bd7 34. Nxd7 Nxd7 35. Bg4 Nc5 36. Be5 1-0

[Event "EYCC O18-ch 2024"]
[Site "Prague"]
[Date "2024.08.25"]
[Round "4.4"]
[White "Klimkowski, Jan"]
[Black "Garcia Fernandez, Victor"]
[Result "1/2-1/2"]
[ECO "B56"]
[WhiteElo "2508"]
[BlackElo "2313"]
[Annotator "TA"]
[PlyCount "62"]
[EventDate "2024.08.19"]
[EventType "swiss"]
[EventCountry "CZE"]
[SourceTitle "playchess.com"]
[Source "ChessBase"]
[SourceQuality "1"]
[TimeControl "5400+30"]

1. e4 c5 2. Nf3 Nc6 3. Nc3 d6 4. d4 cxd4 5. Nxd4 Nf6 6. Nb3 e5 7. Bg5 Be7 8. Qd2 Be6 9. O-O-O {[%emt 0:01:14] White is slightly better.} a6 (9... O-O $14) 10. h4 h6 (10... O-O $14) 11. Bxf6 $16 Bxf6 12. g3 (12. Qxd6 {keeps more tension.} Bxh4 13. Qc5 Qf6 14. g3) 12... Be7 13. f4 exf4 14. gxf4 Bxh4 {[%emt 0:00:24] [#]} (14... O-O $142) 15. e5 Nxe5 $14 16. Ne4 (16. fxe5 $2 Bg5 17. exd6 Bxd2+ $19 (17... Qxd6 $2 18. Qxg5 hxg5 19. Rxh8+ $18)) 16... Nc6 (16... d5 $2 17. fxe5 (17. Rxh4 Nf3 $17) 17... dxe4 18. Qf4 $18) (16... Ng6 $14) 17. Nxd6+ $18 {[%emt 0:01:19] A dynamic duo of knights.} Kf8 {[%emt 0:00:07] [#]} 18. Qe3 (18. Nxb7 Qxd2+ 19. Rxd2 Be1 $11) (18. Nc5 $6 Be7 $14) ({White should play} 18. Qh2 $1 $18 Be7 19. Nxf7 (19. Nxb7 Qb6 $17) 19... Bxf7 20. Rxd8+ Rxd8 21. Nd2) 18... Qe7 $14 19. Bh3 {[%emt 0:10:55] Repels Bg4. White has more active pieces.} (19. Nc5 $16 {is necessary to keep the advantage.}) 19... Rd8 (19... Bd5 $1 $17 20. Qxe7+ Nxe7) 20. Bxe6 $11 ({Don't go for} 20. Qc5 $2 Bg3 21. Qe3 (21. Bxe6 $2 Bxf4+ 22. Kb1 Bxd6 $19) 21... Qh4 22. Bxe6 Qxf4 $19 (22... Bxf4 23. Rxh4 Bxe3+ 24. Kb1 $17)) 20... Rxd6 21. Rxd6 Qxd6 22. Bc8 Bf6 23. Bxb7 Nd4 24. Nxd4 Bxd4 {[%emt 0:00:01] Black is weak on the light squares} (24... Qxd4 {simplifies} 25. Qxd4 Bxd4 26. Bxa6 Be3+) 25. Qe4 g5 26. c3 Bf6 27. Rd1 (27. fxg5 {simplifies} hxg5 28. Rxh8+ Bxh8 29. Qb4) 27... Qb6 28. Bd5 (28. Rd7 $1 $14 {deserves consideration.}) 28... Qc7 {[%emt 0:02:31] The position is equal.} 29. Bc4 Kg7 30. fxg5 (30. Bxa6 $5 Bxc3 (30... gxf4 31. a4 $16) (30... Qxf4+ 31. Qxf4 gxf4 32. Bb7 $16) 31. bxc3 Qxc3+ 32. Qc2 Qa1+ 33. Kd2 Qd4+ 34. Qd3 Qb2+ 35. Ke3 Re8+ 36. Kf3 Qxa2 37. Bb5 Qa8+ 38. Qd5 Qxd5+ 39. Rxd5 $14) 30... hxg5 {[%emt 0:00:08] Threatens to win with ...Rh4.} 31. Bd5 Rh2 {[%emt 0:02:04] Weighted Error Value: White=0.24 (precise) /Black=0.25 (precise) .  Mistake:       	White=4     	Black=5      Inaccurate:     	White=1     	Black=1      OK:         	White=7     	Black=6      Best:        	White=4     	Black=1} 1/2-1/2